 Dungeon Crawl Stone Soup version 0.23.1 (webtiles) character file.

Game seed: 2124664067377454131

711 misha the Spear-Bearer (level 7, -5/58 HPs)
             Began as a Merfolk Berserker on Mar 9, 2019.
             Was a Priest of Trog.
             Killed from afar by a white imp (6 damage)
             ... with a puff of frost
             ... on level 4 of the Dungeon.
             The game lasted 00:13:18 (5070 turns).

misha the Spear-Bearer (Merfolk Berserker)          Turns: 5070, Time: 00:13:18

Health: -5/58      AC:  5    Str: 22      XL:     7   Next: 68%
Magic:  7/7        EV: 13    Int:  6 (7)  God:    Trog [***...]
Gold:   90         SH:  0    Dex: 14 (15) Spells: 6/6 levels left

rFire    . . .     SeeInvis .   m - +9 spear of Zagewa {flame, +Inv Str+3 Dex+2 Stlth-}
rCold    . . .     Gourm    .   (no shield)
rNeg     . . .     Faith    .   b - +0 animal skin
rPois    .         Spirit   .   (no helmet)
rElec    .         Reflect  .   (no cloak)
rCorr    .         Harm     .   k - +1 pair of gloves
MR       +....                  j - +0 pair of boots
Stlth    ..........             (no amulet)
HPRegen  0.19/turn              p - ring of protection from magic
MPRegen  0.10/turn              r - ring of flight

@: berserk cooldown, slowed, very slow
A: change form in water, swift swim, stealthy swim
a: Berserk, Trog's Hand, Renounce Religion, Evoke Invisibility, Evoke Flight


You were on level 4 of the Dungeon.
You worshipped Trog.
Trog was most pleased with you.
You were very hungry.

You visited 1 branch of the dungeon, and saw 7 of its levels.

You collected 282 gold pieces.
You spent 192 gold pieces at shops.

Inventory:

Hand Weapons
 a - a +0 spear
 m - the +9 spear of Zagewa (weapon) {flame, +Inv Str+3 Dex+2 Stlth-}
   (You bought it in a shop on level 4 of the Dungeon)

   It has been specially enchanted to burn those struck by it, causing extra
   injury to most foes and up to half again as much damage against particularly
   susceptible opponents.
   It affects your strength (+3).
   It affects your dexterity (+2).
   It lets you turn invisible.
   It makes you less stealthy.
Missiles
 f - 148 stones (quivered)
 g - 8 tomahawks
 u - 17 sling bullets
Armour
 b - a +0 animal skin (worn)
 j - a +0 pair of boots (worn)
 k - a +1 pair of gloves (worn)
Jewellery
 p - a ring of protection from magic (left hand)
 r - a ring of flight (right hand)
 x - an uncursed ring of ice {unknown}
Wands
 t - a wand of paralysis (6)
 v - a wand of disintegration (13)
 y - a wand of iceblast (8)
Scrolls
 d - a scroll of blinking
 e - a scroll of random uselessness {unknown}
 h - 5 scrolls of remove curse
 i - 2 scrolls of teleportation
 w - 2 scrolls of identify
Potions
 l - a potion of degeneration
 n - a potion of resistance
 q - a potion of curing
 s - a potion of experience
Comestibles
 c - 9 rations
 o - 2 chunks of flesh


   Skills:
 + Level 6.0 Fighting
 * Level 10.4 Polearms
 - Level 1.4 Armour
 - Level 2.8 Dodging


You had 6 spell levels left.
You didn't know any spells.
Your spell library was empty.

Dungeon Overview and Level Annotations

Branches:
Dungeon (7/15)
 Temple: D:4-7

Altars:
Kikubaaqudgha
Wu Jian

Shops:
D:4 *


Message History

[Y]es or [N]o only, please.
Really walk into that cloud of freezing vapour? [Y]es or [N]o only, please.
Really walk into that cloud of freezing vapour? [Y]es or [N]o only, please.
Really walk into that cloud of freezing vapour? [Y]es or [N]o only, please.
Really walk into that cloud of freezing vapour?
You are engulfed in freezing vapours.
* * * LOW HITPOINT WARNING * * *
There is an open translucent gate here.
You are too berserk!
Unknown command.
You feel a strong urge to attack something.
You are no longer berserk.
You are exhausted.
You feel yourself slow down. The white imp gestures at you.
The puff of frost hits you.
You die...

............## ##..##
.............# ##..##
.............## ##.###
..............# #####.##
..............#######....##
..........................##
#.............###○5'###....#
#........###.##.......##...#
......#......#..@......##..#
..#.........##..........#..#
#....#......#...####....##.#
...........##..##$[###..(#.#
.#..#......#..#
.....##..#.##
...........#.?#
..=...#..#..#
......#....#..# .....#.Y##.#
...........##..###.......
#.# ............#...........
##.#


You could see a white imp.

Vanquished Creatures
  The ghost of Kairos the Chopper, an amateur VSFi (D:4)
  An ice beast (D:4)
  A crimson imp (D:5)
  An orc priest (D:4)
  A hound (D:4)
  An orc wizard (D:4)
  3 worker ants (D:4)
  2 worker ant zombies
  10 adders
  3 gnolls (D:7)
  A hound simulacrum (D:4)
  An adder skeleton (D:3)
  2 worms
  An adder simulacrum (D:4)
  2 leopard geckos
  8 orcs
  6 bats
  6 giant cockroaches
  8 goblins
  4 hobgoblins
  9 jackals
  A quokka (D:4)
  4 ball pythons
  7 frilled lizards
  A jackal skeleton (D:4)
  8 kobolds
  30 rats
123 creatures vanquished.

Vanquished Creatures (others)
  A human (D:3)
1 creature vanquished.

Grand Total: 124 creatures vanquished

Notes
Turn   | Place    | Note
-------+----------+-------------------------------------------
     0 | D:1      | misha the Merfolk Berserker began the quest for the Orb.
     0 | D:1      | Reached XP level 1. HP: 18/18 MP: 1/1
   149 | D:1      | Reached XP level 2. HP: 23/24 MP: 2/2
   310 | D:1      | Reached skill level 5 in Polearms
   373 | D:1      | Reached ** piety under Trog
   512 | D:1      | Reached XP level 3. HP: 30/30 MP: 3/3
   970 | D:2      | Reached skill level 6 in Polearms
  1123 | D:2      | Reached XP level 4. HP: 19/37 MP: 4/4
  2251 | D:3      | Found an ancient bone altar of Kikubaaqudgha.
  2252 | D:3      | Noticed a human
  2254 | D:3      | Killed a human
  2449 | D:3      | Reached skill level 7 in Polearms
  2449 | D:3      | Reached XP level 5. HP: 30/43 MP: 5/5
  2842 | D:3      | Reached *** piety under Trog
  3302 | D:4      | Found a runed translucent gate.
  3497 | D:4      | Found a runed translucent gate.
  3497 | D:4      | Found a runed translucent gate.
  3535 | D:4      | Noticed an ice beast
  3535 | D:4      | Noticed Kairos's ghost (amateur VSFi)
  3584 | D:4      | Reached skill level 8 in Polearms
  3976 | D:4      | Found Kimoeb's Assorted Antiques.
  3995 | D:4      | Reached XP level 6. HP: 30/50 MP: 6/6
  4076 | D:4      | Reached skill level 5 in Fighting
  4229 | D:4      | Bought a fine spear for 192 gold pieces
  4609 | D:4      | Identified the +9 spear of Zagewa {flame, +Inv Str+3 Dex+2
                  | Stlth-} (You bought it in a shop on level 4 of the Dungeon)
  4801 | D:4      | You fall through a shaft for 3 floors!
  4801 | D:7      | Found an ornate altar of the Wu Jian Council.
  4829 | D:7      | Reached skill level 9 in Polearms
  4934 | D:5      | Entered Level 5 of the Dungeon
  4937 | D:5      | Reached XP level 7. HP: 56/56 MP: 7/7
  5064 | D:4      | Killed Kairos's ghost
  5064 | D:4      | Reached skill level 10 in Polearms
  5068 | D:4      | HP: 1/87 [something (16)]
  5070 | D:4      | Killed from afar by a white imp

Skill      XL: |  1  2  3  4  5  6  7 |
---------------+----------------------+-----
Polearms       | 5 6 7 8 9 10 | 10.4
Fighting       | 4 5 6 |  6.0
Armour         | |  1.4
Dodging        | |  2.8

Action                   |  1- 3 |  4- 6 |  7- 9 || total
-------------------------+-------+-------+-------++-------
Melee: Spear             |   125 |   306 |    16 ||   447
Invok: Berserk           |       |     1 |     1 ||     2
  Use: Scroll            |     5 |     5 |       ||    10
       Potion            |       |     5 |       ||     5
 Stab: Sleeping          |     1 |     2 |       ||     3
  Eat: Chunk             |     1 |     9 |       ||    10
       Ration            |       |     1 |       ||     1
Armor: Animal skin       |    13 |    30 |     2 ||    45
Dodge: Dodged            |    49 |   119 |     4 ||   172
